 Dungeon Sprint DCSS version 0.19-a0-722-g27ac516 (webtiles) character file.

13208 wvc the Peltast (level 11, 14/112 HPs)
             Began as a Minotaur Fighter on June 18, 2016.
             Was the Champion of Makhleb.
             Quit the game in the Dungeon (Sprint V: "Ziggurat Sprint") on June 21, 2016.
             The game lasted 00:08:43 (931 turns).

wvc the Peltast (Minotaur Fighter)                   Turns: 931, Time: 00:08:44

Health: 14/112     AC: 30    Str: 26    XL:     11   Next: 72%
Magic:  2/10       EV:  4    Int:  5    God:    Makhleb [******]
Gold:   0          SH: 35    Dex: 20    Spells: 0 memorised, 10 levels left

rFire  + + .     SeeInvis .     M - +8 lance "Wyrmbane" {slay drac, +Rage rPois rF+ AC+5}
rCold  + . .     Gourm    .     K - +7 gold dragon armour
rNeg   + . .     Faith    .     L - +18 shield of the Gong {rElec rN+ MR+ EV-5}
rPois  +         Spirit   +     (helmet restricted)
rElec  +         Dismiss  .     (no cloak)
rCorr  .         Reflect  .     (no gloves)
SustAt .         Harm     .     V - +2 pair of boots {Stlth+}
MR     ++...     NoTele   +     S - amulet of Fun {Spirit +Fly MR+}
Stlth  ..........               D - +6 ring of dexterity
                                H - +6 ring of strength

@: corroded, studying Stealth, drained, very resistant to hostile enchantments,
extremely unstealthy
A: retaliatory headbutt, horns 2
a: Minor Destruction, Lesser Servant of Makhleb, Major Destruction, Greater
Servant of Makhleb, Renounce Religion, Evoke Berserk Rage, Evoke Flight


You were in the Dungeon.
You worshipped Makhleb.
Makhleb was exalted by your worship.
You were not hungry.

You visited 1 branch

Inventory:

Hand Weapons
 a - a +0 war axe
 c - a +5 executioner's axe of freezing
 M - the +8 lance "Wyrmbane" (weapon) {slay drac, +Rage rPois rF+ AC+5}
   (You found it in the Dungeon)

   It affects your AC (+5).
   It protects you from fire.
   It protects you from poison.
   It lets you go berserk.
Missiles
 o - 3 throwing nets (quivered)
 Y - a silver javelin
Armour
 b - a +3 large shield
 K - a +7 gold dragon armour (worn)
 L - the +18 shield of the Gong (worn) {rElec rN+ MR+ EV-5}
   (You found it in the Dungeon)

   It affects your evasion (-5).
   It insulates you from electricity.
   It protects you from negative energy.
   It affects your resistance to hostile enchantments.
 V - a +2 pair of boots of stealth (worn)
Jewellery
 D - a +6 ring of dexterity (right hand)
 E - a +6 ring of dexterity
 F - a +6 ring of intelligence
 G - a +6 ring of intelligence
 H - a +6 ring of strength (left hand)
 I - a +6 ring of strength
 J - an uncursed ring of flight
 N - the ring "Ytabeuxt" {rF++ rN+ Int+8}
   (You found it in the Dungeon)

   [ring of positive energy]

   It affects your intelligence (+8).
   It greatly protects you from fire.
   It protects you from negative energy.
 P - the ring of Shadows {Umbra +Inv rN+ SInv}
   (You found it in the Dungeon)

   [ring of positive energy]

   It protects you from negative energy.
   It lets you see invisible.
   It lets you turn invisible.
 Q - the ring of Vampiric Thralls {SustAt +Inv Int+3 Slay-4}
   (You found it in the Dungeon)

   [ring of sustain attributes]

   It sustains your strength, intelligence and dexterity.
   It affects your intelligence (+3).
   It affects your accuracy and damage with ranged weapons and melee attacks
   (-4).
   It lets you turn invisible.
 S - the amulet of Fun (around neck) {Spirit +Fly MR+}
   (You found it in the Dungeon)

   [amulet of guardian spirit]

   It causes incoming damage to be split between your health and magic.
   It affects your resistance to hostile enchantments.
   It lets you fly.
 X - an uncursed ring of positive energy
Wands
 y - a wand of disintegration (7/24)
 A - a wand of iceblast (5/15)
 B - a wand of lightning (5/15)
 C - a wand of acid (5/15)
 U - a wand of heal wounds (5/9)
Scrolls
 k - 4 scrolls of blinking
 q - 4 scrolls of amnesia
 r - 3 scrolls of recharging
 s - 7 scrolls of fog
 t - a scroll of holy word
 u - 5 scrolls of identify
 v - 5 scrolls of remove curse
 w - 2 scrolls of fear
Potions
 d - 6 potions of might
 e - 10 potions of curing
 g - 12 potions of heal wounds
 h - 6 potions of haste
 i - 7 potions of magic
 j - 3 potions of berserk rage
 l - 2 potions of brilliance
 m - 2 potions of invisibility
 n - 4 potions of resistance
 p - 5 potions of agility
Books
 O - a manual of Stealth
Miscellaneous
 R - a lamp of fire
 T - a phial of floods
 Z - a phantom mirror
Comestibles
 f - 5 bread rations
 x - 42 fruits
 z - 4 meat rations


   Skills:
 + Level 15.3(15.0) Fighting
 - Level 2.4(11.5) Axes
 - Level 17.1(16.8) Polearms
 + Level 12.9(12.6) Armour
 * Level 6.3(6.1) Dodging
 - Level 20.5(20.2) Shields


You had 10 spell levels left.
You didn't know any spells.

Dungeon Overview and Level Annotations

Branches:
Dungeon (1/1)

Altars:
Ashenzari
Cheibriados
Dithmenos
Elyvilon
Fedhas
Gozag
Hepliaklqana
Kikubaaqudgha
Makhleb
Nemelex Xobeh
Okawaru
Pakellas
Qazlal
Ru
Sif Muna
Trog
Uskayaw
Vehumet
Xom
Yredelemnul
Zin
The Shining One
Beogh
Jiyva
Lugonu


Innate Abilities, Weirdness & Mutations

You reflexively headbutt those who attack you in melee.
You have a pair of horns on your head.


Message History

The scimitar of draining completely misses you.
You furiously retaliate!
You headbutt the scimitar of draining, but do no damage.
You block the deep elf high priest's attack.
SHROANNG!
You block something's attack.
BOUMMMMG!
You miss something. You headbutt something!
You block the deep elf blademaster's attack.
PTOANNNG!
You block the deep elf blademaster's attack.
PTOANNNG!
You block the deep elf sorcerer's attack.
SHROANNG!
The scimitar of draining hits you but does no damage.
You partially resist.
You feel drained. Something hits you.
* * * LOW HITPOINT WARNING * * *
Quiver which item? (- for none, * to show all) (? for menu, Esc to quit)
Okay, then.
Are you sure you want to abandon this character and quit the game? (Confirm with "yes".)

▓.≈≈::|:.≈▓.
▓...)}))..▓..::≈|≈..▓.
▓.........▓..≈..≈≈..▓.
.........▓≈≈≈.≈≈≈..▓.
▓ .)..... ▓.≈≈≈.≈.≈≈▓.
▓. ..... .▓......≈≈≈▓.
▓..▓.E.▓..▓[))..≈...▓.
▓.▓.e(e.▓.▓[[).....≈▓.
▓...{@e{..▓.†)...≈..▓▓
▓▓▓▓▓▓▓▓▓▓▓▓▓▓▓▓▓▓▓▓▓


You could see a deep elf blademaster, a deep elf sorcerer, a deep elf high
priest, an earth elemental and a scimitar of draining.

Vanquished Creatures
  A merfolk impaler (D)
  2 merfolk javelineers (D)
  2 merfolk aquamancers (D)
  A spriggan druid (D)
  2 sea snakes (D)
  A deep elf archer (D)
  A harpy (D)
  A moth of wrath (D)
  A cyclops (D)
  A siren (D)
  2 eyes of devastation (D)
  A rime drake (D)
  2 trolls (D)
  A two-headed ogre (D)
  4 merfolk (D)
  A blink frog (D)
  2 spriggans (D)
  4 golden eyes (D)
  3 giant eyeballs (D)
  3 hell hounds (D)
  2 wasps (D)
  2 necrophages (D)
  3 black bears (D)
  A phantom (D)
  An eye of draining (D)
  2 wolves (D)
  5 scorpions (D)
  2 wights (D)
  3 jellies (D)
  2 iron imps (D)
  2 mummies (D)
  A shadow imp (D)
  3 white imps (D)
  2 oozes (D)
  2 adder zombies (D)
  An adder skeleton (D)
70 creatures vanquished.

Vanquished Creatures (collateral kills)
  A deep elf high priest (D)
  An orc high priest (D)
2 creatures vanquished.

Vanquished Creatures (others)
  A spatial maelstrom (D)
1 creature vanquished.

Grand Total: 73 creatures vanquished

Notes
Turn   | Place    | Note
--------------------------------------------------------------
     0 | D        | wvc the Minotaur Fighter began the quest for the Orb.
     0 | D        | Reached XP level 1. HP: 19/19 MP: 0/0
     1 | D        | Found a shimmering altar of Xom.
     2 | D        | Found a burning altar of Makhleb.
     2 | D        | Found an iron altar of Okawaru.
     2 | D        | Found a deep blue altar of Sif Muna.
     2 | D        | Found a radiant altar of Vehumet.
     2 | D        | Found a bloodstained altar of Trog.
     4 | D        | Found a blossoming altar of Fedhas.
     4 | D        | Found a viscous altar of Jiyva.
     4 | D        | Found a snail-covered altar of Cheibriados.
     4 | D        | Found a roughly hewn altar of Beogh.
     4 | D        | Found a corrupted altar of Lugonu.
     4 | D        | Found a white marble altar of Elyvilon.
     6 | D        | Found a sparkling altar of Nemelex Xobeh.
    17 | D        | Banished a spatial maelstrom
    87 | D        | Became a worshipper of Makhleb the Destroyer
    88 | D        | Reached skill level 5 in Fighting
    88 | D        | Reached skill level 5 in Armour
    88 | D        | Reached skill level 5 in Shields
    88 | D        | Reached XP level 2. HP: 29/29 MP: 1/1
   102 | D        | Entered arena 1.
   109 | D        | Reached skill level 5 in Polearms
   109 | D        | Reached XP level 3. HP: 36/36 MP: 2/2
   117 | D        | Entered arena 2.
   117 | D        | Noticed a merfolk
   117 | D        | Noticed a merfolk
   117 | D        | Noticed a merfolk
   136 | D        | Killed a merfolk
   136 | D        | Reached * piety under Makhleb
   136 | D        | Reached XP level 4. HP: 32/42 MP: 3/3
   136 | D        | Reached XP level 5. HP: 37/48 MP: 4/4
   151 | D        | Killed a merfolk
   151 | D        | Reached XP level 6. HP: 32/56 MP: 5/5
   159 | D        | Killed a merfolk
   159 | D        | Reached ** piety under Makhleb
   159 | D        | Reached XP level 7. HP: 27/61 MP: 6/6
   326 | D        | Entered arena 3.
   341 | D        | Reached *** piety under Makhleb
   349 | D        | Got the ring "Ytabeuxt" {rF++ rN+ Int+8}
   352 | D        | Entered arena 4.
   352 | D        | Noticed a cyclops
   352 | D        | Noticed a troll
   352 | D        | Noticed a two-headed ogre
   352 | D        | Noticed a troll
   356 | D        | Killed a troll
   356 | D        | Reached skill level 6 in Shields
   356 | D        | Reached XP level 8. HP: 71/71 MP: 7/7
   357 | D        | Killed a two-headed ogre
   357 | D        | Reached **** piety under Makhleb
   357 | D        | Reached skill level 8 in Shields
   361 | D        | Killed a troll
   361 | D        | Reached skill level 9 in Shields
   368 | D        | Killed a cyclops
   368 | D        | Reached skill level 10 in Shields
   428 | D        | Entered arena 5.
   433 | D        | Reached ***** piety under Makhleb
   444 | D        | Reached XP level 9. HP: 83/83 MP: 8/8
   451 | D        | Entered arena 6.
   451 | D        | Noticed an eye of devastation
   457 | D        | Reached skill level 11 in Shields
   464 | D        | Reached ****** piety under Makhleb
   474 | D        | Killed an eye of devastation
   474 | D        | Reached skill level 10 in Fighting
   474 | D        | Reached skill level 12 in Shields
   487 | D        | Got the ring of Vampiric Thralls {SustAt +Inv Int+3 Slay-4}
   490 | D        | Entered arena 7.
   503 | D        | Reached skill level 10 in Armour
   518 | D        | Reached skill level 13 in Shields
   535 | D        | Entered arena 8.
   567 | D        | Entered arena 9.
   567 | D        | Noticed a spriggan rider
   567 | D        | Noticed a spriggan rider
   567 | D        | Noticed a spriggan druid
   576 | D        | Killed a spriggan druid
   576 | D        | Reached skill level 14 in Shields
   580 | D        | Reached XP level 10. HP: 96/96 MP: 9/9
   599 | D        | Reached skill level 15 in Shields
   617 | D        | Got the amulet of Fun {Spirit +Fly MR+}
   701 | D        | Entered arena 10.
   701 | D        | Noticed an eye of devastation
   706 | D        | Paralysed by a giant eyeball for 2 turns
   712 | D        | Paralysed by a giant eyeball for 4 turns
   718 | D        | Paralysed by a giant eyeball for 4 turns
   728 | D        | Killed an eye of devastation
   728 | D        | Reached skill level 16 in Shields
   771 | D        | Entered arena 11.
   771 | D        | Noticed a sea snake
   771 | D        | Noticed a merfolk javelineer
   771 | D        | Noticed a merfolk aquamancer
   771 | D        | Noticed a sea snake
   771 | D        | Noticed a merfolk impaler
   771 | D        | Noticed a merfolk javelineer
   773 | D        | Noticed a merfolk aquamancer
   773 | D        | Noticed a siren
   774 | D        | Noticed a harpy
   783 | D        | Killed a sea snake
   783 | D        | Reached skill level 17 in Shields
   786 | D        | Killed a sea snake
   790 | D        | Killed a merfolk aquamancer
   790 | D        | Reached skill level 18 in Shields
   794 | D        | Killed a harpy
   794 | D        | Reached XP level 11. HP: 104/107 MP: 7/10
   809 | D        | Killed a merfolk aquamancer
   814 | D        | Killed a merfolk javelineer
   814 | D        | Reached skill level 19 in Shields
   821 | D        | Upgraded the game from 0.19-a0-687-g35db334 to 0.19-a0-722-g27ac516
   823 | D        | Killed a merfolk javelineer
   841 | D        | Killed a merfolk impaler
   841 | D        | Reached skill level 20 in Shields
   897 | D        | Entered arena 12.
   897 | D        | Noticed a deep elf high priest
   897 | D        | Noticed an orc high priest
   897 | D        | Noticed a scimitar of draining
   897 | D        | Noticed a deep elf knight
   897 | D        | Noticed a deep elf high priest
   897 | D        | Noticed a deep elf sorcerer
   897 | D        | Noticed a deep elf archer
   897 | D        | Noticed a deep elf knight
   899 | D        | Noticed a deep elf knight
   900 | D        | Noticed a deep elf blademaster
   905 | D        | Killed a deep elf high priest
   907 | D        | Reached skill level 15 in Fighting
   907 | D        | Reached skill level 5 in Dodging
   913 | D        | Killed an orc high priest
   920 | D        | Killed a deep elf archer
   931 | D        | Quit the game

Vault maps used:
D:        sprint_v

Skill      XL: |  1  2  3  4  5  6  7  8  9 10 11 |
---------------+----------------------------------+-----
Fighting       | 5 6 9 11 13 15 | 15.3
Polearms       | 3 5 12 14 16 17 | 17.1
Armour         | 5 6 9 10 11 12 | 12.9
Dodging        | 3 6 |  6.3
Shields        | 5 6 10 14 18 20 | 20.5
Axes           | |  2.4

Action                   |  1- 3 |  4- 6 |  7- 9 | 10-12 || total
-------------------------+-------+-------+-------+-------++-------
Melee: Lance             |    24 |    22 |   121 |   174 ||   341
       Headbutt          |     7 |     3 |    40 |    28 ||    78
Evoke: Lamp of fire      |       |       |       |     1 ||     1
       Phial of floods   |       |       |       |     1 ||     1
  Use: Potion            |     1 |       |       |       ||     1
       Scroll            |       |       |     2 |     1 ||     3
Armor: Gold dragon armou |     8 |     1 |    29 |    58 ||    96
Dodge: Dodged            |       |       |       |     5 ||     5
Block: Shield            |    33 |    13 |    94 |   237 ||   377
